 Dungeon Crawl Stone Soup version 0.24-a0-537-g2d01d4ab0a (webtiles) character file.

Game seed: 10956582646679378066

259053 GordonOverkill the Metallomancer (level 19, -2/121 HPs)
             Began as a Gargoyle Fire Elementalist on Aug 12, 2019.
             Was an Elder of Sif Muna.
             Killed by a resonance strike
             ... invoked by a ragged hierophant
              (36 damage)
             ... in the Desolation of Salt on Aug 13, 2019.
             The game lasted 02:44:28 (57299 turns).

GordonOverkill the Metallomancer (GrFE)            Turns: 57299, Time: 02:44:28

Health: -2/121     AC: 33    Str: 14    XL:     19   Next: 89%
Magic:  5/37       EV: 14    Int: 22    God:    Sif Muna [****..]
Gold:   684        SH:  5    Dex: 10    Spells: 2/46 levels left

rFire    + . .     SeeInvis +   d - staff of earth
rCold    + + .     Gourm    .   v - +0 buckler
rNeg     + . .     Faith    .   Q - +2 robe {rC+ rF+}
rPois    ∞         Spirit   .   l - +2 helmet {SInv}
rElec    +         Reflect  .   q - +2 cloak
rCorr    .         Harm     .   a - +2 pair of gloves
MR       ++...                  p - +2 pair of boots
Stlth    +++.......             h - amulet of regeneration
HPRegen  0.70/turn              b - ring of protection from magic
MPRegen  0.25/turn              L - ring of protection from cold

@: tornado, flying, very slightly contaminated, invisible
A: big wings, negative energy resistance 1, electricity resistance, unbreathing,
petrification resistance, rot immunity, AC +14
}: 2/15 runes: decaying, serpentine
a: Stop Flying, Channel Magic, Forget Spell, Divine Exegesis, Renounce Religion


You were in the Desolation of Salt.
You worshipped Sif Muna.
Sif Muna was greatly pleased with you.
You were near starving.

You visited 7 branches of the dungeon, and saw 33 of its levels.
You also visited: Ossuary, Bailey, Ice Cave and Desolation.

You collected 3275 gold pieces.
You spent 2591 gold pieces at shops.

Inventory:

Hand Weapons
 t - the +7 trident of the Sugar Beet {holy, rF- Dex+6}
   (You took it off an orc on level 6 of the Dungeon)

   It has been blessed by the Shining One to cause great damage to the undead
   and demons.
   It affects your dexterity (+6).
   It makes you vulnerable to fire.
 G - a +7 demon whip of flaming
Missiles
 x - 104 boomerangs (quivered)
 H - 2 throwing nets
Armour
 a - a +2 pair of gloves (worn)
 l - a +2 helmet of see invisible (worn)
 p - a +2 pair of boots (worn)
 q - a +2 cloak (worn)
 v - a +0 buckler (worn)
 A - a +0 shield of reflection
 Q - a +2 robe of resistance (worn)
Magical Staves
 d - an uncursed staff of earth (weapon)
Jewellery
 b - a ring of protection from magic (left hand)
 h - an amulet of regeneration (around neck)
 D - the amulet "Piotradd" {Gourm rN+ Stlth+}
   (You found it in the Desolation of Salt)

   [amulet of the gourmand]

   It allows you to eat raw meat even when not hungry.
   It protects you from negative energy.
   It makes you more stealthy.
 K - the ring "Pamagul" {rF+ Str+2}
   (You found it in the Desolation of Salt)

   [ring of protection from fire]

   It affects your strength (+2).
   It protects you from fire.
 L - a ring of protection from cold (right hand)
 R - an uncursed ring of fire
Wands
 n - a wand of scattershot (3)
 y - a wand of enslavement (15)
 I - a wand of acid (43)
 O - a wand of clouds (6)
 P - a wand of flame (71)
 S - a wand of disintegration (9)
Scrolls
 g - 8 scrolls of teleportation
 i - 6 scrolls of magic mapping
 j - 3 scrolls of fear
 k - 17 scrolls of remove curse
 m - 5 scrolls of fog
 B - a scroll of silence
 J - 2 scrolls of identify
 N - 11 scrolls of amnesia
 T - a scroll of torment
 V - 3 scrolls of enchant armour
Potions
 e - 3 potions of agility
 f - a potion of invisibility
 r - 4 potions of might
 s - 9 potions of curing
 u - 3 potions of ambrosia
 w - 2 potions of berserk rage
 z - 9 potions of brilliance
 C - 4 potions of haste
 E - a potion of resistance
 F - 3 potions of mutation
 M - 10 potions of magic
 U - 2 potions of cancellation
Miscellaneous
 o - a lamp of fire
 W - a box of beasts
 Y - a crystal ball of energy
Comestibles
 c - 27 rations


   Skills:
 - Level 14.0 Fighting
 - Level 10.0 Armour
 - Level 5.0 Dodging
 - Level 6.0 Stealth
 - Level 8.0 Shields
 - Level 14.0 Spellcasting
 - Level 10.0 Conjurations
 - Level 3.0 Transmutations
 - Level 5.0 Fire Magic
 + Level 22.2 Earth Magic
 - Level 10.0 Invocations
 - Level 8.0 Evocations


You had 2 spell levels left.
You knew the following spells:

 Your Spells              Type           Power        Failure   Level  Hunger
a - Flame Tongue          Conj/Fire      #####        1%          1    None
b - Conjure Flame         Conj/Fire      #####...     1%          3    None
c - Sticky Flame          Conj/Fire      #####...     1%          4    None
d - Fireball              Conj/Fire      #####.....   4%          5    ###....
e - Petrify               Tmut/Erth      #######.     1%          4    None
f - Blink                 Tloc           N/A          6%          2    None
g - Iron Shot             Conj/Erth      #######...   1%          6    #####..
h - Passwall              Tmut/Erth      #######.     1%          2    None
i - Lehudib's Crystal Sp  Conj/Erth      #######...   34%         8    #######
j - Shatter               Erth           ########..   41%         9    #######

Your spell library contained the following spells:

 Spells                   Type           Power        Failure   Level  Hunger
 Sandblast                Erth           ######       0%          1    None
 Beastly Appendage        Tmut           ####..       1%          1    None
 Magic Dart               Conj           ####         1%          1    None
 Sting                    Conj/Pois      ####         1%          1    None
 Sticks to Snakes         Tmut           ####....     1%          2    None
 Throw Flame              Conj/Fire      #####.       1%          2    None
 Confusing Touch          Hex            ###...       4%          1    None
 Corona                   Hex            ###....      4%          1    None
 Freeze                   Ice            ###.         4%          1    None
 Summon Butterflies       Summ           ###.....     4%          1    None
 Call Imp                 Summ           ###.....     6%          2    None
 Slow                     Hex            ###.....     6%          2    None
 Swiftness                Chrm/Air       ###.....     6%          2    None
 Stone Arrow              Conj/Erth      ######       0%          3    None
 Lee's Rapid Deconstruct  Erth           ########..   0%          5    ###....
 Dazzling Spray           Conj/Hex       #####.       1%          3    None
 Static Discharge         Conj/Air       #####...     1%          3    None
 Iskenderun's Mystic Bla  Conj           ######..     1%          4    None
 Leda's Liquefaction      Hex/Erth       #######...   1%          4    None
 Bolt of Magma            Conj/Fire/Erth #######...   1%          5    ###....
 Borgnjor's Vile Clutch   Necr/Erth      #######...   1%          5    ###....
 Mephitic Cloud           Conj/Pois/Air  ####....     3%          3    None
 Ignite Poison            Fire/Tmut/Pois ####....     4%          3    None
 Inner Flame              Hex/Fire       ####....     4%          3    None
 Spider Form              Tmut/Pois      ###.......   6%          3    None
 Irradiate                Conj/Tmut      #####.....   8%          5    ###....
 Call Canine Familiar     Summ           ###.....     12%         3    None
 Confuse                  Hex            ###.....     12%         3    None
 Gell's Gravitas          Tloc           ###.......   12%         3    None
 Ozocubu's Armour         Chrm/Ice       ###.....     12%         3    None
 Portal Projectile        Hex/Tloc       ###...       12%         3    None
 Recall                   Summ/Tloc      N/A          12%         3    None
 Bolt of Draining         Conj/Necr      #####.....   14%         5    ###....
 Iskenderun's Battlesphe  Conj/Chrm      #####...     14%         5    ###....
 Lightning Bolt           Conj/Air       #####.....   14%         5    ###....
 Ice Form                 Ice/Tmut       ###.....     22%         4    None
 Bolt of Fire             Conj/Fire      #####.....   28%         6    #####..
 Blade Hands              Tmut           ####......   32%         5    ###....
 Cause Fear               Hex            ###.......   36%         4    None
 Olgreb's Toxic Radiance  Pois           ###.....     36%         4    None
 Passage of Golubria      Tloc           N/A          36%         4    None
 Summon Ice Beast         Ice/Summ       ###.....     36%         4    None
 Orb of Destruction       Conj           ######....   50%         7    ######.
 Alistair's Intoxication  Tmut/Pois      ###.....     52%         5    ###....
 Yara's Violent Unravell  Hex/Tmut       ###.......   52%         5    ###....
 Bolt of Cold             Conj/Ice       #####.....   61%         6    #####..
 Conjure Ball Lightning   Conj/Air       #####.....   61%         6    #####..
 Poison Arrow             Conj/Pois      #####.....   61%         6    #####..
 Aura of Abjuration       Summ           ###.......   73%         5    ###....
 Metabolic Englaciation   Hex/Ice        ###.......   73%         5    ###....
 Silence                  Hex/Air        ###.......   73%         5    ###....
 Summon Demon             Summ           ###.......   73%         5    ###....
 Summon Forest            Summ/Tloc      ###.......   73%         5    ###....
 Summon Mana Viper        Hex/Summ       ###.....     73%         5    ###....
 Freezing Cloud           Conj/Ice/Air   ####......   85%         6    #####..
 Hydra Form               Tmut           ####......   87%         6    #####..
 Darkness                 Hex            ###.......   99%         6    #####..
 Deflect Missiles         Chrm/Air       ###.......   99%         6    #####..
 Invisibility             Hex            ###.....     99%         6    #####..
 Haunt                    Necr/Summ      ###.......   100%        7    ######.
 Malign Gateway           Summ/Tloc      ###.......   100%        7    ######.
 Ring of Flames           Chrm/Fire      ####......   100%        7    ######.
 Summon Greater Demon     Summ           ###.......   100%        7    ######.
 Summon Hydra             Summ           ###.......   100%        7    ######.
 Death's Door             Chrm/Necr      ###.......   100%        8    #######
 Discord                  Hex            ###.......   100%        8    #######
 Disjunction              Tloc           ###.......   100%        8    #######
 Ignition                 Fire           #####.....   100%        8    #######
 Glaciate                 Conj/Ice       #####.....   100%        9    #######
 Tornado                  Air            ###.......   100%        9    #######
 Statue Form              Tmut/Erth      Unusable     N/A         6    N/A

Dungeon Overview and Level Annotations

Branches:
Dungeon (15/15)            Temple (1/1) D:7            Lair (6/6) D:8
  Swamp (4/4) Lair:2        Snake (4/4) Lair:4        Slime (0/5) Lair:6
    Orc (2/2) D:9             Elf (0/3) Orc:2        Vaults (1/5) D:13
 Depths (0/5) D:15

Altars:
Ashenzari
Cheibriados
Dithmenos
Elyvilon
Fedhas
Gozag
Hepliaklqana
Kikubaaqudgha
Makhleb
Nemelex Xobeh
Okawaru
Qazlal
Ru
Sif Muna
Trog
Uskayaw
Vehumet
Wu Jian
Xom
Yredelemnul
Zin
The Shining One
Beogh
Jiyva

Shops:
D:5 :   D:8 *   D:13 }   D:14 ?   Orc:2 ?(%}

Portals:
Pandemonium: Orc:2
Trove: D:12 (show slimy rune of Zot)

Annotations:
Lair:1 3 runed translucent doors, Masamn's ghost, journeyman GnTm
Snake:2 3 runed translucent doors, Ilyzytot's ghost, adept GnEn
Snake:3 1 transporter, mopl's ghost, adept HOMo


Innate Abilities, Weirdness & Mutations

You are resistant to torment.
Your stone body is resilient. (AC +14)
You are immune to poison.
Your large and strong wings let you fly indefinitely.
You resist negative energy. (rN+)
You are resistant to electric shocks. (rElec)
You can survive without breathing.
You are immune to petrification.
You are immune to rotting.


Message History

You hear a shout! x2
The saltling hits you but does no damage. x3
The saltling closely misses you.
A saltling comes into view.
The saltling hits you but does no damage.
You block the saltling's attack.
You block the ironbrand convoker's attack.
The saltling barely misses you.
A crystal guardian comes into view.
You block the saltling's attack. The saltling misses you.
You feel better.
You kill the ragged hierophant!
Sif Muna accepts your kill. You block the saltling's attack.
The saltling hits you but does no damage. x2
The saltling barely misses you. x2; The saltling closely misses you.
The ironbrand convoker closely misses you.
The ragged hierophant gestures at you while chanting.
A blast of power from the earth and the saltlings strikes you!
You die...

. .####
...........# .....
.
............#..⌠..
.......§§§.§..#....
.....§§§.§.§§§#§8#
.....§§§§§.8§§§§##
.....§§§p§p8§§.§.#
.....§.p88888§#
..8...§§p8@8p§#
..p..§§##8p8§§#
.......#§88S8§#
......§§§§§§§§#
.....§§§§§§§§§§.
#################
##################
###############


You could see 2 ragged hierophants, 2 servants of whispers, a crystal guardian,
2 ironbrand convokers, a guardian serpent and 14 saltlings.

Vanquished Creatures
  Mara (Snake:4)
  Vashnia (Snake:2)
  the Lernaean hydra (Swamp:4)
  Agnes (Snake:4)
  4 thorn hunters
  Donald (Snake:3)
  8 nagarajas
  An imperial myrmidon (Desolation)
  Aizul (Snake:1)
  A very ugly thing (Swamp:2)
  Nessos (D:11)
  Snorg (D:11)
  A fire dragon (Vaults:1)
  A crystal guardian (Desolation)
  Erolcha (D:10)
  4 ragged hierophants
  Josephine (D:12)
  A vault guard (D:13)
  12 naga warriors
  3 servants of whispers (Desolation)
  3 ghost crabs
  3 peacekeepers (Desolation)
  19 hydras
  A catoblepas (Lair:6)
  2 ice dragons (D:15)
  Erica (D:11)
  3 centaur warriors
  Harold (D:10)
  14 anacondas
  A deep troll shaman (Lair:6)
  16 alligators
  3 two-headed ogres
  8 death yaks
  Urug (Orc:2)
  7 shock serpents
  A sun demon (Orc:2)
  17 naga sharpshooters
  6 orc high priests (Orc:2)
  Nergalle (Lair:1)
  A sixfirhy (Orc:2)
  4 salamander mystics
  An unseen horror (D:15)
  13 swamp dragons
  3 infernal demonspawn (Orc:2)
  A wizard (D:15)
  Pikel (D:5)
  16 naga ritualists
  2 ironbrand convokers
  4 orc knights (Orc:2)
  13 mana vipers
  A necromancer (Vaults:1)
  6 orc sorcerers
  9 ugly things
  2 cyclopes
  2 deep elf magi (D:13)
  2 human zombies (Vaults:1)
  An oklob plant (Snake:3)
  4 manticores (D:11)
  17 salamanders
  A moth of wrath (Snake:3)
  13 elephants
  3 guardian serpents
  2 rust devils (Orc:1)
  29 black mambas
  A centaur zombie (D:13)
  Psyche (D:10)
  2 ice statues (IceCv)
  25 naga magi
  14 spiny frogs
  A gargoyle (D:12)
  2 kobold demonologists (D:12)
  2 rime drakes (Lair:5)
  A rime drake (shapeshifter) (D:14)
  5 komodo dragons
  A redback zombie (D:14)
  2 tengu conjurers (D:14)
  6 ice devils
  4 polar bears
  6 trolls
  A wolf spider simulacrum (D:14)
  9 tyrant leeches
  Grinder (D:5)
  8 blink frogs (Lair:6)
  11 bog bodies
  6 hornets
  17 saltlings
  27 slime creatures
  5 dream sheep (Lair:5)
  5 hippogriffs
  A meliai zombie (D:13)
  A spriggan (Swamp:1)
  32 yaks
  9 wraiths
  3 shadows
  3 hogs (D:10)
  4 wyverns
  A human (D:10)
  A fire elemental (Lair:5)
  2 basilisks
  27 vampire mosquitoes
  50 nagas
  6 insubstantial wisps
  2 wargs
  An acid dragon (D:15)
  21 swamp worms
  19 water moccasins
  6 porcupines
  29 orc warriors
  A slave (D:5)
  11 swamp drakes
  12 ice beasts
  3 sky beasts
  4 black bears
  2 necrophages
  2 phantoms
  16 ogres
  22 wolves
  20 centaurs
  18 crocodiles
  4 big kobolds
  19 bullfrogs
  2 water moccasin zombies (Ossuary)
  3 scorpions
  A wyvern skeleton (D:12)
  7 killer bees
  A human simulacrum (Vaults:1)
  3 wights (D:14)
  2 electric eels
  3 howler monkeys
  5 crimson imps
  2 bullfrog zombies
  A quasit (D:9)
  3 lava snakes (D:13)
  5 jellies
  2 bullfrog skeletons
  2 hounds
  15 orc wizards
  7 centaur skeletons
  28 orc priests
  A gnoll shaman (D:10)
  Crazy Yiuf (D:2)
  Terence (D:2)
  4 iguanas
  6 hell rats
  5 worker ants
  A big kobold zombie (Ossuary)
  2 mummies (Ossuary)
  2 worker ant zombies
  12 adders
  21 gnolls
  A howler monkey zombie (D:9)
  4 shadow imps
  11 white imps (IceCv)
  8 ufetubi (IceCv)
  3 adder skeletons
  7 adder zombies (Ossuary)
  A dart slug (D:5)
  3 leopard geckos
  99 orcs
  6 giant cockroaches
  6 gnoll zombies (Ossuary)
  9 goblins
  17 hobgoblins
  2 jackals (D:7)
  4 quokkas
  5 ball pythons
  5 bats
  3 frilled lizards
  4 hobgoblin zombies (Ossuary)
  3 jackal skeletons
  31 kobolds
  3 kobold zombies (Ossuary)
  A leopard gecko skeleton (D:4)
  7 orc zombies (Ossuary)
  3 rats
  2 fungi (Lair:5)
  A plant (Lair:6)
1217 creatures vanquished.

Vanquished Creatures (others)
  A reaper (IceCv)
  A naga sharpshooter (Snake:4)
  A wizard (D:14)
  A manticore (D:11)
  A komodo dragon (Lair:2)
  A swamp worm (Lair:2)
  Ijyb (D:5)
  An orc wizard (D:9)
  2 white imps (IceCv)
  2 ufetubi (IceCv)
  3 kobolds (D:14)
  A quokka skeleton (D:5)
  A bush (Lair:6)
  10 fungi
  7 plants
34 creatures vanquished.

Grand Total: 1251 creatures vanquished

Notes
Turn   | Place    | Note
-------+----------+-------------------------------------------
     0 | D:1      | GordonOverkill the Gargoyle Fire Elementalist began the
                  | quest for the Orb.
     0 | D:1      | Reached XP level 1. HP: 10/10 MP: 3/3
   639 | D:1      | Reached XP level 2. HP: 15/15 MP: 0/5
  1635 | D:3      | Reached XP level 3. HP: 19/19 MP: 0/6
  2082 | D:2      | Reached XP level 4. HP: 24/24 MP: 5/7
  2276 | D:2      | Found a stormy altar of Qazlal.
  2330 | D:2      | Noticed Terence
  2345 | D:2      | Learned a level 3 spell: Conjure Flame
  2350 | D:2      | Learned a level 4 spell: Sticky Flame
  2364 | D:2      | Killed Terence
  2559 | D:2      | Found a hazy altar of Hepliaklqana.
  2559 | D:2      | Found a glowing golden altar of the Shining One.
  2799 | D:2      | Found a hide-covered altar of Uskayaw.
  2900 | D:2      | Found a runed translucent door.
  2901 | D:2      | Noticed Crazy Yiuf
  3064 | D:2      | Killed Crazy Yiuf
  3064 | D:2      | Reached XP level 5. HP: 13/28 MP: 3/9
  3908 | D:3      | Found an ancient bone altar of Kikubaaqudgha.
  4312 | D:3      | Found a glowing silver altar of Zin.
  4547 | D:4      | Reached skill level 1 in Shields
  4547 | D:4      | Reached XP level 6. HP: 28/32 MP: 0/10
  4847 | D:4      | Noticed a phantom
  5744 | D:4      | Killed a phantom
  5744 | D:4      | Reached XP level 7. HP: 12/36 MP: 0/12
  6395 | D:4      | Found a white marble altar of Elyvilon.
  6481 | D:4      | Got a shimmering mace
  6482 | D:4      | Identified the +2 mace of Culif {freeze, rF+} (You found it
                  | on level 4 of the Dungeon)
  6581 | D:5      | Entered Level 5 of the Dungeon
  6586 | D:5      | Noticed Grinder
  6677 | D:5      | Killed Grinder
  6677 | D:5      | Reached skill level 5 in Fire Magic
  6747 | D:5      | Noticed Pikel
  6792 | D:5      | Killed Pikel
  6792 | D:5      | Reached skill level 5 in Stealth
  6792 | D:5      | Reached skill level 5 in Conjurations
  6792 | D:5      | Reached XP level 8. HP: 34/41 MP: 1/15
  7029 | D:5      | Found Pishrugay's Book Emporium.
  7072 | D:4      | Found a white marble altar of Elyvilon.
  7156 | D:5      | Killed Ijyb
  7374 | D:5      | Found a sacrificial altar of Ru.
  7374 | D:5      | Found an iron altar of Okawaru.
  7677 | D:5      | Found a burning altar of Makhleb.
  7955 | D:6      | Reached skill level 5 in Spellcasting
  8060 | D:6      | Found a sand-covered staircase.
  8089 | Ossuary  | Entered an ossuary
  8292 | Ossuary  | Reached skill level 5 in Shields
  8352 | Ossuary  | Reached XP level 9. HP: 38/45 MP: 7/16
  8401 | D:6      | Identified the +7 trident of the Sugar Beet {holy, rF-
                  | Dex+6}
  8923 | D:6      | Found an ornate altar of the Wu Jian Council.
  8987 | D:6      | Reached skill level 1 in Fighting
  9534 | D:7      | Found a staircase to the Ecumenical Temple.
  9576 | Temple   | Entered the Ecumenical Temple
  9794 | Temple   | Became a worshipper of Sif Muna the Loreminder
 10436 | D:8      | Found a staircase to the Lair.
 10436 | D:8      | Noticed an elephant
 10436 | D:8      | Noticed a death yak
 10448 | D:8      | Killed a death yak
 10448 | D:8      | Reached skill level 5 in Fighting
 10746 | D:8      | Reached XP level 10. HP: 59/59 MP: 13/20
 10751 | D:8      | Killed an elephant
 10906 | D:8      | Found a basalt altar of Yredelemnul.
 11320 | D:8      | Reached * piety under Sif Muna
 11511 | D:8      | Found Asmaopn's General Store.
 11607 | D:8      | Found a white marble altar of Elyvilon.
 11642 | D:8      | Noticed a two-headed ogre
 11666 | D:8      | Killed a two-headed ogre
 11860 | D:9      | Learned a level 5 spell: Fireball
 12387 | D:9      | Reached skill level 10 in Spellcasting
 12405 | D:9      | Found a staircase to the Orcish Mines.
 12415 | D:9      | Reached skill level 1 in Invocations
 12883 | D:9      | Found a roughly hewn altar of Beogh.
 13035 | D:9      | Reached ** piety under Sif Muna
 13038 | D:9      | Reached XP level 11. HP: 63/64 MP: 20/25
 13133 | D:10     | Entered Level 10 of the Dungeon
 13135 | D:10     | Noticed Harold
 13300 | D:10     | Killed Harold
 13495 | D:10     | Noticed Psyche
 13500 | D:10     | Killed Psyche
 13505 | D:10     | Noticed Erolcha
 13518 | D:10     | Killed Erolcha
 13769 | D:10     | Reached skill level 1 in Armour
 14072 | D:11     | Found a flagged portal.
 14076 | Bailey   | Entered a bailey
 14371 | Bailey   | Reached *** piety under Sif Muna
 14706 | D:11     | Noticed a manticore
 14721 | D:11     | Killed a manticore
 14877 | D:11     | Noticed a manticore
 14884 | D:11     | Killed a manticore
 15094 | D:11     | Reached skill level 5 in Dodging
 15562 | D:11     | Noticed a manticore
 15572 | D:11     | Reached **** piety under Sif Muna
 15575 | D:11     | Killed a manticore
 15575 | D:11     | Reached skill level 10 in Conjurations
 15792 | D:11     | Reached skill level 5 in Armour
 15913 | D:11     | Reached XP level 12. HP: 68/70 MP: 21/26
 16158 | D:11     | Noticed Erica
 16287 | D:11     | Killed Erica
 16309 | D:11     | Learned a level 4 spell: Petrify
 16655 | Lair:1   | Entered Level 1 of the Lair of Beasts
 16655 | Lair:1   | Noticed Nergalle
 16663 | Lair:1   | Killed Nergalle
 16663 | Lair:1   | Reached skill level 1 in Earth Magic
 16705 | Lair:1   | Reached skill level 1 in Transmutations
 16934 | Lair:1   | Reached skill level 2 in Earth Magic
 17091 | Lair:1   | Found a runed translucent gate.
 17091 | Lair:1   | Found a runed translucent gate.
 17091 | Lair:1   | Found a runed translucent gate.
 17091 | Lair:1   | Noticed Masamn's ghost (journeyman GnTm)
 17179 | Lair:1   | Noticed a four-headed hydra
 17192 | Lair:1   | Killed a four-headed hydra
 17192 | Lair:1   | Reached skill level 3 in Earth Magic
 17528 | Lair:1   | Reached skill level 4 in Earth Magic
 18617 | Lair:2   | Found a staircase to the Swamp.
 18863 | Lair:2   | Reached skill level 10 in Fighting
 18863 | Lair:2   | Reached XP level 13. HP: 83/83 MP: 24/27
 19386 | Lair:3   | Reached skill level 5 in Earth Magic
 19639 | Lair:3   | Reached ***** piety under Sif Muna
 20342 | Lair:3   | Reached skill level 6 in Earth Magic
 20945 | Lair:4   | Reached skill level 7 in Earth Magic
 20967 | Lair:4   | Gained mutation: Your large and strong wings let you fly
                  | indefinitely. [Gargoyle growth]
 20967 | Lair:4   | Reached XP level 14. HP: 80/90 MP: 24/28
 21063 | Lair:4   | Reached skill level 8 in Earth Magic
 21184 | Lair:4   | Identified Sif Muna's Volume of Confrontation and
                  | Augmentations (Sif Muna gifted it to you on level 4 of the
                  | Lair of Beasts)
 21184 | Lair:4   | Received a gift from Sif Muna
 21325 | Lair:4   | Reached skill level 1 in Evocations
 21463 | Lair:4   | Found a staircase to the Snake Pit.
 22533 | Lair:5   | Reached skill level 5 in Invocations
 22746 | Lair:5   | Reached skill level 9 in Earth Magic
 23457 | Lair:5   | Identified a scroll of acquirement
 23467 | Lair:5   | Learned a level 2 spell: Blink
 23519 | Lair:6   | Entered Level 6 of the Lair of Beasts
 23979 | Lair:6   | Reached skill level 10 in Armour
 23992 | Lair:5   | HP: 3/90 [spiny frog (18)]
 24598 | Lair:6   | Reached skill level 10 in Earth Magic
 25248 | Lair:6   | Reached skill level 5 in Evocations
 25365 | Lair:6   | Identified Sif Muna's Almanac of Noxious Weightlessness
                  | (Sif Muna gifted it to you on level 6 of the Lair of
                  | Beasts)
 25365 | Lair:6   | Received a gift from Sif Muna
 25599 | Lair:6   | Reached skill level 11 in Earth Magic
 25677 | Lair:6   | Found a viscous altar of Jiyva.
 25742 | Lair:6   | Found a staircase to the Slime Pits.
 26249 | Lair:6   | Reached skill level 12 in Earth Magic
 26634 | Lair:6   | Reached XP level 15. HP: 76/94 MP: 20/29
 27249 | D:12     | Noticed Snorg
 27687 | D:11     | Killed Snorg
 27687 | D:11     | Reached skill level 13 in Earth Magic
 27971 | D:12     | Noticed Nessos
 28159 | D:11     | Killed Nessos
 28458 | D:12     | Noticed Josephine
 28474 | D:12     | Killed Josephine
 28949 | D:12     | Found a portal to a secret trove of treasure.
 29892 | D:13     | Identified Sif Muna's Disquisition on Cloudy Combat Magic
                  | (Sif Muna gifted it to you on level 13 of the Dungeon)
 29892 | D:13     | Received a gift from Sif Muna
 30033 | D:13     | Found Ocimez's Gadget Shop.
 30073 | D:13     | Reached skill level 14 in Earth Magic
 30345 | D:13     | Found a gate to the Vaults.
 30622 | D:5      | Bought a book of the Earth for 845 gold pieces
 30629 | D:5      | Learned a level 6 spell: Iron Shot
 30770 | D:5      | Found a bloodstained altar of Trog.
 31115 | D:14     | Found a frozen archway.
 31155 | IceCv    | Entered an ice cave
 32361 | D:14     | Found Tikin's Magic Scroll Boutique.
 32861 | D:14     | Found a sparkling altar of Nemelex Xobeh.
 33102 | D:15     | Entered Level 15 of the Dungeon
 33311 | D:15     | Identified Netreot's Compendium of Warped Summoning (Sif
                  | Muna gifted it to you on level 15 of the Dungeon)
 33311 | D:15     | Received a gift from Sif Muna
 33590 | D:15     | Reached skill level 15 in Earth Magic
 33837 | D:15     | Found a staircase to the Depths.
 34334 | Orc:1    | Entered Level 1 of the Orcish Mines
 34748 | Orc:2    | Entered Level 2 of the Orcish Mines
 34884 | Orc:2    | Reached XP level 16. HP: 105/105 MP: 25/30
 35100 | Orc:2    | Identified Sif Muna's Almanac of the Entourage (Sif Muna
                  | gifted it to you on level 2 of the Orcish Mines)
 35100 | Orc:2    | Received a gift from Sif Muna
 35232 | Orc:2    | Found a staircase to the Elven Halls.
 35484 | Orc:2    | Found Zidiguc's Food Emporium.
 35485 | Orc:2    | Found Nigrof's Magic Scroll Shoppe.
 35735 | Orc:2    | Found a roughly hewn altar of Beogh.
 35735 | Orc:2    | Noticed Urug
 35749 | Orc:2    | Killed Urug
 37125 | Orc:2    | Found Sott's Gadget Shop.
 37125 | Orc:2    | Found Gaby's Antique Weapon Boutique.
 37125 | Orc:2    | Found a one-way gate leading to the halls of Pandemonium.
 37129 | Orc:2    | Bought a glowing demon trident for 486 gold pieces
 37424 | Orc:2    | Bought a scroll of blinking for 97 gold pieces
 37424 | Orc:2    | Bought a scroll of enchant armour for 97 gold pieces
 37424 | Orc:2    | Bought a scroll of magic mapping for 45 gold pieces
 37424 | Orc:2    | Bought a scroll of fog for 26 gold pieces
 37424 | Orc:2    | Bought a scroll of amnesia for 45 gold pieces
 37424 | Orc:2    | Bought a scroll of silence for 97 gold pieces
 37520 | D:8      | Bought 2 scrolls of teleportation for 72 gold pieces
 37520 | D:8      | Bought a scroll of magic mapping for 42 gold pieces
 37520 | D:8      | Bought a potion of mutation for 96 gold pieces
 37607 | D:14     | Bought a scroll of amnesia for 49 gold pieces
 37607 | D:14     | Bought a scroll of fear for 49 gold pieces
 37607 | D:14     | Bought a scroll of magic mapping for 49 gold pieces
 37607 | D:14     | Bought a scroll of fog for 28 gold pieces
 37607 | D:14     | Bought a scroll of teleportation for 42 gold pieces
 37607 | D:14     | Bought a scroll of magic mapping for 49 gold pieces
 37607 | D:14     | Bought a scroll of fog for 28 gold pieces
 37607 | D:14     | Bought a scroll of magic mapping for 49 gold pieces
 37816 | Lair:2   | Reached skill level 16 in Earth Magic
 37865 | Swamp:1  | Entered Level 1 of the Swamp
 37969 | Lair:2   | Identified Kiut's Compendium of the Blaze and Enhancements
                  | (Sif Muna gifted it to you on level 2 of the Lair of
                  | Beasts)
 37969 | Lair:2   | Received a gift from Sif Muna
 38450 | Swamp:1  | Noticed a thorn hunter
 38467 | Swamp:1  | Killed a thorn hunter
 40007 | Swamp:2  | Noticed a thorn hunter
 40017 | Swamp:2  | Killed a thorn hunter
 40421 | Swamp:2  | Noticed a thorn hunter
 40536 | Swamp:2  | Killed a thorn hunter
 41140 | Swamp:3  | Reached skill level 17 in Earth Magic
 41167 | Swamp:3  | Reached XP level 17. HP: 99/111 MP: 20/33
 41317 | Swamp:3  | Identified Sif Muna's Papyrus of the Shifting Snowflakes
                  | (Sif Muna gifted it to you on level 3 of the Swamp)
 41317 | Swamp:3  | Received a gift from Sif Muna
 41453 | Swamp:3  | Learned a level 2 spell: Passwall
 42317 | Swamp:4  | Entered Level 4 of the Swamp
 44637 | Swamp:4  | Noticed the 27-headed Lernaean hydra
 45732 | Swamp:4  | Reached skill level 18 in Earth Magic
 45770 | Swamp:4  | Got a decaying rune of Zot
 45867 | Swamp:4  | Killed the 27-headed Lernaean hydra
 46139 | Snake:1  | Entered Level 1 of the Snake Pit
 46285 | Snake:1  | Received a gift from Sif Muna
 46372 | Snake:1  | You are sucked into a shaft and drop 1 floor!
 46381 | Snake:2  | Noticed Vashnia
 46390 | Snake:2  | Noticed Aizul
 46928 | Snake:1  | Reached skill level 10 in Invocations
 47277 | Snake:1  | Reached XP level 18. HP: 106/116 MP: 30/35
 48356 | Snake:1  | Killed Aizul
 49051 | Snake:2  | Reached skill level 19 in Earth Magic
 49227 | Snake:2  | Killed Vashnia
 49598 | Snake:2  | Found the +27 Lear's hauberk
 49959 | Snake:2  | Found a runed translucent gate.
 49960 | Snake:2  | Found a runed translucent gate.
 49961 | Snake:2  | Found a runed translucent gate.
 49962 | Snake:2  | Noticed Ilyzytot's ghost (adept GnEn)
 49963 | Snake:2  | Noticed Ilyzytot's ghost (adept GnEn)
 50311 | Snake:3  | Identified Sif Muna's Handbook of Toxic Moulding (Sif Muna
                  | gifted it to you on level 3 of the Snake Pit)
 50311 | Snake:3  | Received a gift from Sif Muna
 50393 | Snake:3  | Found a transporter.
 50396 | Snake:3  | Found a transporter.
 50417 | Snake:3  | Noticed mopl's ghost (adept HOMo)
 50420 | Snake:3  | Found a bloodstained altar of Trog.
 50427 | Snake:3  | Identified the cursed +0 war axe of Guilt {freeze, MP+9}
 51001 | Snake:3  | Noticed Donald
 51017 | Snake:3  | Killed Donald
 51893 | Snake:3  | Found a basalt altar of Yredelemnul.
 52348 | Snake:4  | Entered Level 4 of the Snake Pit
 52414 | Snake:4  | Noticed Agnes
 52510 | Snake:4  | Reached skill level 20 in Earth Magic
 52673 | Snake:4  | Killed Agnes
 52863 | Snake:4  | Reached XP level 19. HP: 110/121 MP: 32/37
 53198 | Snake:4  | Identified Sif Muna's Grimoire of Shifting Attacks (Sif
                  | Muna gifted it to you on level 4 of the Snake Pit)
 53198 | Snake:4  | Received a gift from Sif Muna
 53211 | Snake:4  | Learned a level 8 spell: Lehudib's Crystal Spear
 54312 | Snake:4  | Noticed Mara
 54322 | Snake:4  | Noticed GordonOverkill's illusion
 54322 | Snake:4  | Killed Mara
 54712 | Snake:4  | Reached skill level 21 in Earth Magic
 55530 | Snake:4  | Got a serpentine rune of Zot
 55804 | D:8      | Bought an uncursed ring of protection from magic for 300
                  | gold pieces
 55928 | Vaults:1 | Entered Level 1 of the Vaults
 55957 | Vaults:1 | Learned a level 9 spell: Shatter
 56135 | Vaults:1 | Found a ruined gateway.
 56337 | Desolati | Entered the Desolation of Salt
 56788 | Desolati | Identified Sif Muna's Guide on Evil Clay (Sif Muna gifted
                  | it to you in the Desolation of Salt)
 56788 | Desolati | Received a gift from Sif Muna
 56896 | Desolati | Reached skill level 22 in Earth Magic
 57030 | Desolati | Got a scorched steel amulet
 57031 | Desolati | Identified the amulet "Piotradd" {Gourm rN+ Stlth+} (You
                  | found it in the Desolation of Salt)
 57037 | Desolati | Identified Iximyl's Disquisition on Flamy Attacks
 57041 | Desolati | Got a crude brass ring
 57042 | Desolati | Identified the ring "Pamagul" {rF+ Str+2} (You found it in
                  | the Desolation of Salt)
 57299 | Desolati | Killed from afar by a ragged hierophant

Levels and vault maps discovered:
D:1:      dpeg_arrival_fog, layout_loops_corners
D:2:      layout_loops_ring, lemuel_doored_altar, marbit_many_paths,
          gammafunk_temple_overflow_statue, uniq_terence,
          uniq_crazy_yiuf_cottage
D:3:      layout_loops_cross, zin_treasury, kiku_gazebo_garden_becter,
          first_ration
D:4:      lemuel_upstairs_altar, layout_basic, elyvilon_altar_3
D:5:      layout_loops_ring, nicolae_overflow_hidden_temple,
          gammafunk_temple_overflow_pools, kennysheep_mini_moat, serial_shops,
          shop, minivault_25, uniq_grinder, uniq_pikel, uniq_ijyb
D:6:      layout_loops_ring, lemuel_crystal_altar,
          nicolae_ossuary_entry_monument
D:7:      layout_cave_pods, minmay_temple_entry_butterflies
D:8:      layout_loops_ring, kennysheep_ying_yang, david_lair_generic,
          serial_shops, shop
D:9:      layout_basic, minmay_orc_entry_temple_small
D:10:     layout_cave_pools, grunt_livestock, uniq_psyche, uniq_harold,
          uniq_erolcha
D:11:     layout_roguey, enter_bailey_1, uniq_erica
D:12:     layout_loops_ring, nicolae_trove_entry_diagonal, uniq_snorg,
          uniq_josephine, uniq_nessos
D:13:     layout_loops_ring, david_vaults_5, serial_shops, shop_fountains,
          kennysheep_generic_room_2
D:14:     layout_loops_corners, bh_walls_and_bars, serial_shops, shop,
          portal_ice_cave_entry_ice_beasts, serial_bayou_pond_d,
          nemelex_xobeh_ov_fountains_minmay
D:15:     grunt_enter_depths_hoard, layout_basic, minmay_misc_feat_chi
Temple:   jpeg_temple_island
Lair:1:   layout_concentric_octagons, ebering_ghost_rock_garden,
          grunt_megastairs_4, uniq_nergalle
Lair:2:   layout_misc_corridors, nicolae_swamp_entry_splash_gauntlet,
          serial_bayou_shore_b
Lair:3:   layout_concentric_octagons, beast_lair_carwin_8
Lair:4:   layout_regular_city, minmay_snake_entry_six_corridors,
          beast_lair_carwin_6
Lair:5:   layout_gridlike, minmay_holes, serial_bayou_shore_b,
          grunt_megastairs_3
Lair:6:   grunt_lair_end_beastmaster, layout_misc_corridors, slime_altar_1,
          lemuel_fruit_tree
Swamp:1:  layout_falls_marsh, hangedman_swamp_ruin_wall, swamp_pool3
Swamp:2:  layout_basic_swamp, hangedman_swamp_blocks, infiniplex_staircase_pool
Swamp:3:  layout_basic_swamp, hangedman_swamp_ruin_hall
Swamp:4:  swamp_old_school, layout_basic_swamp
Snake:1:  cheibrodos_snake_ritualist_ritual, layout_cave_shapes
Snake:2:  layout_rooms, gammafunk_ghost_cemetery, grunt_megastairs_1,
          uniq_vashnia, uniq_aizul
Snake:3:  layout_chambers, gammafunk_ghost_wrathful_warriors,
          lemuel_oklob_altar, uniq_donald
Snake:4:  snake_pit, layout_basic, uniq_agnes, uniq_mara
Orc:1:    layout_diamond_mine
Orc:2:    pf_orc_diabolical, layout_caves, basic_altar, uniq_urug
Vaults:1: ontoclasm_vaults_chip, hangedman_vaults_stagger, grunt_vaults_funnel,
          vaults_room_fours, v_misc_10, nicolae_vaults_shelves_hall,
          vaults_room_corners, layout_vaults_omnigrid,
          portal_desolation_entry_salt
Desolation

Skill      XL: |  1  2  3  4  5  6  7  8  9 10 11 12 13 14 15 16 17 18 19 |
---------------+----------------------------------------------------------+-----
Dodging        | 2 5 |  5.0
Conjurations   | 2 3 5 6 7 10 | 10.0
Stealth        | 3 4 5 6 |  6.0
Spellcasting   | 3 4 5 7 10 12 13 14 | 14.0
Fire Magic     | 4 5 |  5.0
Shields        | 1 2 4 5 7 8 |  8.0
Fighting       | 5 6 10 11 13 14 | 14.0
Invocations    | 2 4 5 6 10 | 10.0
Armour         | 5 8 9 10 | 10.0
Earth Magic    | 4 7 12 15 17 18 20 22 | 22.2
Transmutations | 3 |  3.0
Evocations     | 5 7 8 |  8.0

Action                   |  1- 3 |  4- 6 |  7- 9 | 10-12 | 13-15 | 16-18 | 19-21 || total
-------------------------+-------+-------+-------+-------+-------+-------+-------++-------
Melee: Spear             |       |     2 |       |       |       |       |       ||     2
       War axe           |       |    56 |   123 |   403 |   827 |   228 |       ||  1637
       Dagger            |       |       |    80 |       |       |       |       ||    80
       Trident           |       |       |     2 |     3 |     5 |       |       ||    10
       Staff             |       |       |       |       |       |   679 |   346 ||  1025
Throw: Stone             |    53 |    53 |       |       |       |       |       ||   106
       Boomerang         |       |       |    44 |    28 |   134 |    85 |    25 ||   316
 Cast: Flame Tongue      |    30 |   106 |    61 |    66 |   127 |   303 |     5 ||   698
       Sticky Flame      |       |     5 |    32 |   110 |   289 |   342 |   111 ||   889
       Conjure Flame     |       |       |     7 |    12 |    30 |    23 |       ||    72
       Blink             |       |       |       |       |     9 |     9 |     2 ||    20
       Fireball          |       |       |       |       |     8 |    21 |     1 ||    30
       Iron Shot         |       |       |       |       |     3 |   117 |    44 ||   164
       Tornado           |       |       |       |       |       |       |     1 ||     1
Invok: Channel Magic     |       |       |       |       |       |     1 |       ||     1
       Divine Exegesis   |       |       |       |       |       |       |     1 ||     1
 Abil: Fly               |       |       |       |       |     1 |       |       ||     1
Evoke: Wand              |       |       |       |     9 |     1 |     4 |     1 ||    15
  Use: Potion            |       |       |     3 |     5 |     2 |     2 |     6 ||    18
       Scroll            |       |       |    13 |    13 |    15 |    19 |     3 ||    63
 Stab: Sleeping          |       |       |     3 |     5 |       |       |       ||     8
       Distracted        |       |       |       |     1 |       |       |       ||     1
       Petrified         |       |       |       |       |     3 |       |       ||     3
       Confused          |       |       |       |       |       |     3 |       ||     3
  Eat: Chunk             |     2 |    14 |    13 |    31 |    46 |    51 |    11 ||   168
       Ration            |       |       |     3 |     1 |     7 |    13 |     4 ||    28
Armor: Robe              |    11 |    35 |    97 |   255 |   280 |   158 |   317 ||  1153
       Troll leather arm |       |       |       |       |   526 |  1003 |       ||  1529
Dodge: Dodged            |    33 |    74 |   133 |   439 |  1158 |  1137 |   294 ||  3268
Block: Buckler           |       |       |    54 |   160 |   447 |   446 |   114 ||  1221

Table legend:
 A = Non-vault XP
 B = Vault XP
 C = Vault XP percentage of total XP
 D = Non-vault monster count
 E = Vault monster count
 F = Vault count percentage of total count
                 A         B        C        D         E       F
            +---------+---------+-------+---------+---------+-------
      Total |  209383 |  161205 |  43.5 |     839 |     380 |  31.2
            +---------+---------+-------+---------+---------+-------
        D:1 |      22 |       0 |   0.0 |      12 |       0 |   0.0
        D:2 |      21 |      76 |  78.4 |      13 |       3 |  18.8
        D:3 |     168 |       0 |   0.0 |      29 |       0 |   0.0
        D:4 |     607 |       0 |   0.0 |      31 |       0 |   0.0
        D:5 |      94 |     928 |  90.8 |       9 |       2 |  18.2
        D:6 |     619 |       0 |   0.0 |      22 |       0 |   0.0
        D:7 |     149 |       0 |   0.0 |       6 |       0 |   0.0
        D:8 |    2280 |    1560 |  40.6 |      26 |       4 |  13.3
        D:9 |    2299 |     165 |   6.7 |      37 |       8 |  17.8
       D:10 |    1716 |    3389 |  66.4 |      21 |       8 |  27.6
       D:11 |    7974 |    3623 |  31.2 |      44 |       4 |   8.3
       D:12 |    4697 |    1885 |  28.6 |      39 |       5 |  11.4
       D:13 |    4669 |    1552 |  24.9 |      27 |       4 |  12.9
       D:14 |    7516 |    1040 |  12.2 |      33 |       8 |  19.5
       D:15 |    8518 |    1911 |  18.3 |      28 |       2 |   6.7
     Lair:1 |    3824 |    1747 |  31.4 |      24 |       2 |   7.7
     Lair:2 |    3681 |    1215 |  24.8 |      17 |       6 |  26.1
     Lair:3 |    3271 |    1780 |  35.2 |      15 |       9 |  37.5
     Lair:4 |    1481 |    5993 |  80.2 |       8 |      18 |  69.2
     Lair:5 |    6778 |       0 |   0.0 |      31 |       0 |   0.0
     Lair:6 |    9752 |   11030 |  53.1 |      37 |      20 |  35.1
    Swamp:1 |   11176 |       0 |   0.0 |      32 |       0 |   0.0
    Swamp:2 |   17560 |       0 |   0.0 |      30 |       0 |   0.0
    Swamp:3 |   13934 |    6642 |  32.3 |      34 |       8 |  19.0
    Swamp:4 |   11815 |   13977 |  54.2 |      28 |      17 |  37.8
    Snake:1 |   23102 |    5276 |  18.6 |      44 |       7 |  13.7
    Snake:2 |   16253 |    9025 |  35.7 |      25 |       6 |  19.4
    Snake:3 |   19607 |    3604 |  15.5 |      35 |       7 |  16.7
    Snake:4 |   19715 |   43806 |  69.0 |      46 |      47 |  50.5
      Orc:1 |    1034 |     947 |  47.8 |      19 |       2 |   9.5
      Orc:2 |    1797 |   17521 |  90.7 |      29 |      59 |  67.0
   Vaults:1 |    3254 |    2672 |  45.1 |       8 |       5 |  38.5
    Ossuary |       0 |     284 | 100.0 |       0 |      32 | 100.0
     Bailey |       0 |     345 | 100.0 |       0 |      34 | 100.0
      IceCv |       0 |    2769 | 100.0 |       0 |      26 | 100.0
 Desolation |       0 |   16443 | 100.0 |       0 |      27 | 100.0
            +---------+---------+-------+---------+---------+-------
